 Dungeon Crawl Stone Soup version 0.19-a0-860-g5c370dd (webtiles) character file.

3649 Liquid the Nimble (level 9, 42/42 HPs)
             Began as a Spriggan Assassin on June 26, 2016.
             Was a Follower of Ashenzari.
             Got out of the dungeon alive.
             The game lasted 00:28:44 (11053 turns).

Liquid the Nimble (Spriggan Assassin)              Turns: 11053, Time: 00:28:45

Health: 42/42      AC:  3    Str: 10    XL:     9   Next: 88%
Magic:  18/18      EV: 28    Int: 13    God:    Ashenzari [*.....]
Gold:   454        SH:  0    Dex: 20    Spells: 3 memorised, 11 levels left

rFire  . . .     SeeInvis +     C - +1 dagger (flame)
rCold  . . .     Gourm    .     c - +0 robe
rNeg   . . .     Faith    +     (shield restricted)
rPois  .         Spirit   .     (helmet restricted)
rElec  .         Dismiss  .     Q - +0 cloak (curse)
rCorr  +         Reflect  .     (gloves unavailable)
SustAt .         Harm     .     (boots unavailable)
MR     +....                    G - amulet of faith
Stlth  ++++++....               O - +3 ring of strength
                                v - ring of resist corrosion

@: very quick, somewhat resistant to hostile enchantments, very stealthy
A: unfitting armour, see invisible, herbivore 3, speed 3, slow metabolism 2
a: Curse Item, Scrying, Renounce Religion


You escaped.
You worshipped Ashenzari.
Ashenzari was aware of your devotion.
You were not hungry.

You visited 2 branches of the dungeon, and saw 10 of its levels.
You also visited: Ossuary.

You collected 454 gold pieces.

Inventory:

Hand Weapons
 a - a +2 dagger
 b - a +0 blowgun
 C - a +1 dagger of flaming (weapon)
Missiles
 e - 45 poisoned needles
 q - 8 needles of paralysis
 E - a curare-tipped needle
 J - 4 needles of confusion
 K - 3 needles of sleeping
Armour
 c - a +0 robe (worn)
 d - a +0 cloak
 Q - a cursed +0 cloak (worn)
Jewellery
 v - a ring of resist corrosion (left hand)
 G - an amulet of faith (around neck)
 O - a +3 ring of strength (right hand)
Wands
 f - a wand of slowing (33/48)
 B - a wand of slowing (18/48)
Scrolls
 h - 2 scrolls of magic mapping
 i - 3 scrolls of recharging
 u - 2 scrolls of teleportation
 w - 5 scrolls of enchant weapon
 x - a scroll of random uselessness
 y - a scroll of noise
 z - 4 scrolls of remove curse
 F - a scroll of enchant armour {unknown}
 I - a scroll of immolation
Potions
 j - 2 potions of curing
 k - 2 potions of invisibility
 l - a potion of flight
 m - a potion of cancellation {unknown}
 n - 4 potions of cure mutation
 o - a potion of ambrosia {unknown}
 p - 3 potions of agility {unknown}
 r - a potion of might {unknown}
 s - a potion of haste {unknown}
 A - 4 potions of heal wounds
 D - a potion of brilliance {unknown}
 H - a potion of lignification {unknown}
 N - a potion of berserk rage {unknown}
 P - a potion of mutation {unknown}
Books
 t - a book of Spatial Translocations

   Spells                             Type                      Level
   a - Apportation                    Translocation                1
   b - Blink                          Translocation                2
   c - Shroud of Golubria             Charms/Translocation         2
   d - Portal Projectile              Translocation                3
   e - Teleport Other                 Translocation                3
   f - Passage of Golubria            Translocation                4
 M - a book of Debilitation

   Spells                             Type                      Level
   a - Corona                         Hexes                        1
   b - Slow                           Hexes                        2
   c - Gell's Gravitas                Hexes/Translocation          3
   d - Inner Flame                    Hexes/Fire                   3
   e - Cause Fear                     Hexes                        4
   f - Leda's Liquefaction            Hexes/Earth                  4
Comestibles
 g - 4 bread rations
 L - a fruit


   Skills:
 - Level 1.6 Fighting
 + Level 7.3 Short Blades
 - Level 6.2 Throwing
 * Level 11.2 Dodging
 + Level 11.2 Stealth
 + Level 5.3 Spellcasting


You had 11 spell levels left.
You knew the following spells:

 Your Spells              Type           Power        Failure   Level  Hunger
a - Apportation           Tloc           #.........   21%         1    None
b - Blink                 Tloc           N/A          30%         2    ##.....
c - Passage of Golubria   Tloc           N/A          99%         4    ####...


Dungeon Overview and Level Annotations

Branches:
Dungeon (9/15)             Temple (1/1) D:7
   Lair: D:8-11         Orc: D:9-12

Altars:
Ashenzari
Cheibriados
Dithmenos
Elyvilon
Fedhas
Gozag
Hepliaklqana
Kikubaaqudgha
Makhleb
Nemelex Xobeh
Okawaru
Qazlal
Sif Muna
Trog
Uskayaw
Vehumet
Xom
Yredelemnul
Zin
The Shining One

Shops:
D:5 !   D:7 (


Innate Abilities, Weirdness & Mutations

You are tiny and cannot use many weapons and most armour.
You have supernaturally acute eyesight. (SInv)
You are a herbivore.
You cover ground extremely quickly.
You need consume almost no food.


Message History

There is a stone staircase leading down here.
There is a stone staircase leading up here.
There is a stone staircase leading up here.
You climb upwards.
There is a stone staircase leading down here.
There is a stone staircase leading up here.
You climb upwards.
There is a stone staircase leading down here.
There is a stone staircase leading up here.
You climb upwards.
There is a stone staircase leading down here.
Things that are here:
an uncursed club; a goblin skeleton
There is a stone staircase leading up here.
You climb upwards.
There is a stone staircase leading down here.
There is an open door here.
There is a staircase leading out of the dungeon here.
Are you sure you want to leave the Dungeon?
This will make you lose the game!
You have escaped!

#.#.###.#......####...#
#.#.# #.#......# #...#
#.#.###........# #...#
#.#.'.###.#....####...#
#.#.#.# #.##'#.........
#.#.#.# #.##.#.....####
#.#.#.# #.##.#.....#
#.#.#.###.##.#.....#
#.#.+.@##.##.#.....#
#.#.#.###.##.#.....####
#.#.#.# #.##...........
#.#.#.###.#####)#.#####
#.#.#.#.......#.#.#
####.#.+.#.##.##.#.#.#
#.†..#.###.##.##.#.#.#
##....#.###.##.##.#.#.#
#.....#.#......##.#.#.#


There were no monsters in sight!

Vanquished Creatures
  A troll (D:9)
  2 hippogriffs
  Menkaure (D:6)
  3 ice beasts
  3 sky beasts
  An orc warrior (D:6)
  A phantom (D:9)
  5 ogres
  4 centaurs
  Blork the orc (D:5)
  4 giant frogs
  A water moccasin zombie (Ossuary)
  A wyvern skeleton (D:6)
  A scorpion (D:6)
  3 killer bees (D:8)
  A howler monkey (D:8)
  A crimson imp (D:5)
  A centaur zombie (D:8)
  A jelly (D:5)
  2 gnoll shamans
  A centaur skeleton (D:8)
  2 orc priests
  3 hounds
  An orc wizard (D:5)
  An iguana (D:9)
  4 worker ants
  2 big kobold zombies (Ossuary)
  A hound skeleton (D:6)
  2 mummies (Ossuary)
  A worker ant zombie (D:8)
  7 adders
  15 gnolls
  A howler monkey skeleton (D:9)
  An ooze (D:7)
  8 adder zombies (Ossuary)
  4 adder skeletons
  4 worms
  A dart slug (D:1)
  A giant gecko (D:8)
  11 orcs
  6 bats
  6 giant cockroaches
  A gnoll zombie (Ossuary)
  8 goblins
  7 hobgoblins
  4 jackals (D:4)
  4 quokkas
  A ball python (D:1)
  5 giant newts
  5 hobgoblin zombies (Ossuary)
  7 kobolds
  6 kobold zombies (Ossuary)
  6 orc zombies (Ossuary)
  2 quokka skeletons
  A quokka zombie (D:7)
  2 rats (D:3)
180 creatures vanquished.

Notes
Turn   | Place    | Note
-------+----------+-------------------------------------------
     0 | D:1      | Liquid the Spriggan Assassin began the quest for the Orb.
     0 | D:1      | Reached XP level 1. HP: 10/10 MP: 2/2
   168 | D:1      | Reached XP level 2. HP: 13/14 MP: 3/3
   830 | D:2      | Reached XP level 3. HP: 15/18 MP: 4/4
  1288 | D:2      | Reached XP level 4. HP: 15/22 MP: 5/5
  1700 | D:3      | Found a glowing golden altar of the Shining One.
  2054 | D:3      | Learned a level 1 spell: Apportation
  2057 | D:3      | Learned a level 2 spell: Blink
  2641 | D:4      | Found a sand-covered staircase.
  2672 | Ossuary  | Entered an ossuary
  2915 | Ossuary  | Reached XP level 5. HP: 25/25 MP: 6/6
  2948 | Ossuary  | Reached skill level 5 in Dodging
  3510 | Ossuary  | Reached XP level 6. HP: 30/30 MP: 7/7
  3548 | D:4      | Found a shadowy altar of Dithmenos.
  4387 | D:4      | Noticed a sky beast
  4390 | D:4      | Killed a sky beast
  4650 | D:4      | Reached XP level 7. HP: 33/33 MP: 8/8
  4785 | D:5      | Entered Level 5 of the Dungeon
  4910 | D:5      | Noticed Blork the orc
  4930 | D:5      | Killed Blork the orc
  5287 | D:5      | Found Ikisupe's Distillery.
  5493 | D:5      | Reached XP level 8. HP: 31/37 MP: 9/9
  5574 | D:5      | Reached skill level 5 in Short Blades
  5849 | D:6      | Found a sparkling altar of Nemelex Xobeh.
  5909 | D:6      | Learned a level 4 spell: Passage of Golubria
  6034 | D:6      | Noticed Menkaure
  6394 | D:6      | Killed Menkaure
  6394 | D:6      | Reached skill level 1 in Spellcasting
  6699 | D:6      | Reached skill level 5 in Throwing
  6779 | D:6      | Found a sparkling altar of Nemelex Xobeh.
  7308 | D:7      | Reached skill level 10 in Stealth
  7308 | D:7      | Reached XP level 9. HP: 21/42 MP: 14/14
  7457 | D:7      | Found a staircase to the Ecumenical Temple.
  7472 | Temple   | Entered the Ecumenical Temple
  7517 | Temple   | Became a worshipper of Ashenzari the Shackled
  7601 | D:7      | Reached skill level 10 in Dodging
  7640 | D:7      | Found an opulent altar of Gozag.
  7644 | D:7      | Found a blossoming altar of Fedhas.
  8067 | D:7      | Found Byumauga's Antique Weapon Emporium.
  8217 | D:8      | Reached * piety under Ashenzari
 10212 | D:9      | Reached ** piety under Ashenzari
 10237 | D:9      | Noticed a troll
 10266 | D:9      | Killed a troll
 10266 | D:9      | Reached skill level 5 in Spellcasting
 10869 | D:9      | Upgraded the game from 0.19-a0-790-ge39e1af to 0.19-a0-860-g5c370dd
 11053 | D:$      | Got out of the dungeon alive.

Vault maps used:
D:1:      minmay_arrival_three_doors
D:2:      gammafunk_temple_overflow_statue
D:3:      minmay_misc_feat_room, minivault_23, tso_metal_star
D:4:      lemuel_round_altar, first_bread, enter_ossuary_1,
          minmay_misc_feat_pillars
D:5:      serial_shops, shop, uniq_blork_the_orc
D:6:      lemuel_round_altar, nemelex_diamond_rough_becter, uniq_menkaure
D:7:      grunt_temple_overflow_open, serial_shops, kennysheep_mini
D:9:      orc_0_dummy, fedhas_altar_4
Temple:   nicolae_temple_x_marks_the_god
Ossuary:  ossuary_tomb_2

Skill      XL: |  1  2  3  4  5  6  7  8  9 |
---------------+----------------------------+-----
Dodging        | 2 3 4 5 7 8 9 11 | 11.2
Stealth        | 6 7 8 10 11 | 11.2
Short Blades   | 3 4 6 7 |  7.3
Throwing       | 3 4 5 6 |  6.2
Spellcasting   | 3 5 |  5.3
Fighting       | |  1.6

Action                   |  1- 3 |  4- 6 |  7- 9 || total
-------------------------+-------+-------+-------++-------
Melee: Dagger            |    89 |   291 |   724 ||  1104
 Fire: Blowgun           |    15 |    20 |    57 ||    92
  Use: Scroll            |       |     8 |     5 ||    13
       Potion            |       |       |     2 ||     2
 Stab: Sleeping          |    13 |    20 |    23 ||    56
       Paralysed         |       |       |     4 ||     4
       Distracted        |       |       |     2 ||     2
  Eat: Bread ration      |       |       |     1 ||     1
       Fruit             |       |       |     1 ||     1
       Pizza             |       |       |     1 ||     1
Armor: Robe              |       |    23 |    24 ||    47
Dodge: Dodged            |    50 |   199 |   561 ||   810
